Map: Blackpink LE

Players

CinDra - Winner!

  • Race: Protoss Protoss
  • Spawn Location: 1:00

A.I. 1 (Very Easy)

  • Race: Zerg Zerg
  • Spawn Location: 7:00

VOD

Have the link to the VOD?

Description

Time

  • Played on: Jan. 19, 2018, 4:58 p.m.
  • Length: 10:22
Show
View Real Time Build Order
Export as new Build Order

CinDra Protoss - Winner!

Build Orders: 1 Gate Expand 

Get SALT Encoding   

  12  0:01  Probe (Chrono Boost)  
  13  0:13  Probe (Chrono Boost)  
  14  0:21  Probe (Chrono Boost)  
  14  0:22  Pylon  
  15  0:40  Probe  
  16  0:50  Gateway  
  16  0:53  Probe  
  17  1:03  Pylon  
  17  1:05  Probe (Chrono Boost)  
  17  1:07  Assimilator  
  18  1:15  Probe (Chrono Boost)  
  19  1:20  Probe (Chrono Boost)  
  20  1:34  Nexus  
  20  1:39  Probe  
  21  1:51  Zealot, Probe  
  24  2:03  Probe  
  24  2:04  Cybernetics Core  
  25  2:15  Probe  
  26  2:22  Zealot  
  28  2:27  Probe  
  29  2:30  Gateway  
  29  2:33  Assimilator  
  29  2:36  Warp Gate (Chrono Boost)  
  29  2:39  Probe  
  30  2:47  Probe  
  31  2:51  Probe  
  32  2:59  Probe  
  32  3:04  Probe  
  34  3:15  Probe  
  34  3:16  Probe  
  36  3:23  Assimilator  
  36  3:28  Pylon, Probe  
  36  3:30  Pylon  
  36  3:33  Assimilator  
  37  3:37  Probe  
  37  3:40  Probe  
  39  3:41  Adept  
  41  3:49  Probe  
  42  3:55  Robotics Facility  
  42  4:07  Probe x2  
  46  4:19  Probe  
  46  4:20  Probe  
  46  4:33  Adept  
  46  4:34  Adept  
  50  4:40  Pylon, Probe (Chrono Boost)  
  50  4:43  Pylon  
  50  4:44  Probe (Chrono Boost)  
  52  4:48  Observer  
  52  4:52  Probe (Chrono Boost)  
  55  4:55  Probe (Chrono Boost)  
  55  4:56  Adept x2  
  59  5:04  Probe  
  60  5:16  Immortal  
  64  5:26  Gateway  
  64  5:27  Gateway  
  64  5:30  Gateway  
  64  5:32  Gateway  
  64  5:36  Probe  
  64  5:37  Gateway, Probe  
  64  5:39  Gateway  
  66  5:46  Adept x2  
  70  5:55  Immortal  
  74  6:13  Adept x2, Nexus  
  78  6:38  Pylon  
  78  6:43  Pylon  
  78  6:45  Pylon  
  78  6:47  Pylon  
  78  6:52  Pylon  
  78  6:55  Pylon  
  78  6:56  Immortal, Probe x2  
  78  6:59  Adept  
  86  7:03  Adept x2  
  86  7:08  Probe x2  
  92  7:20  Probe x2  
  92  7:21  Adept x2  
  92  7:22  Adept x4  
  106  7:43  Probe  
  106  7:44  Probe x2  
  109  7:55  Probe  
  109  7:56  Probe x2  
  112  7:59  Adept x5  
  112  8:00  Adept x3  
  112  8:04  Immortal  
  132  8:07  Probe  
  133  8:32  Adept x4  
  141  8:42  Pylon  
  141  8:45  Pylon  
  141  8:49  Pylon  
  141  8:51  Pylon  
  141  8:54  Pylon  
  141  9:09  Adept x3  
  146  9:10  Adept x5  
  156  9:24  Immortal  
  158  10:04  Adept x2  
  158  10:05  Adept x4  
  158  10:06  Adept x2  
Show
View Real Time Build Order
Export as new Build Order

A.I. 1 (Very Easy) Zerg 

Build Orders: Pool First 

Get SALT Encoding   

  12  0:00  Drone  
  13  0:12  Overlord  
  13  0:17  Drone  
  14  0:36  Spawning Pool  
  14  0:37  Extractor  
  14  0:39  Drone  
  13  0:46  Drone  
  14  0:52  Overlord  
  14  1:22  Zergling x2  
  14  1:23  Queen  
  17  1:31  Roach Warren  
  16  1:34  Drone  
  16  1:39  Extractor  
  16  1:43  Drone  
  17  1:48  Zergling x2  
  19  2:01  Drone  
  20  2:08  Drone  
  20  2:14  Zergling x2  
  21  2:17  Drone  
  22  2:28  Overlord  
  22  2:30  Drone  
  23  2:37  Drone  
  23  2:40  Roach  
  26  2:44  Drone  
  27  7:06  Roach, Drone  
  27  7:07  Overlord, Lair  
  30  7:13  Drone  
  30  7:14  Hatchery  
  30  7:20  Drone  
  31  7:27  Drone  
  32  7:42  Roach  
  29  8:07  Overseer x2  
  29  8:18  Zergling x2  
  30  8:27  Drone  
  31  8:34  Drone  
  32  8:38  Extractor  
  32  8:40  Extractor  
  32  8:41  Drone  
  31  8:48  Drone  
  32  8:54  Roach  
  32  8:55  Drone  
  36  9:02  Drone  
  36  9:10  Drone  
  37  9:17  Drone  
  38  9:25  Drone  
  39  9:32  Drone  
  39  9:33  Zergling x2  
  40  9:39  Drone  
  40  9:44  Overlord  
  39  9:47  Drone  
  33  9:54  Drone  
  23  10:01  Drone  
  23  10:02  Roach  
  25  10:08  Drone  
  25  10:11  Hatchery  
Tags
 
Add a new tag
Caveats
  • Supply blocks, unpowered buildings, or Contaminate may cause inaccurate times.
  • Supply counts are checked every 10 seconds.